 Dungeon Crawl Stone Soup version 0.29.1-12-g30fa7ad0bf (webtiles) character file.

Game seed: 16644106562589440473

52 ssalbiz the Magician (level 4, -5/32 HPs)
             Began as a Djinni Fire Elementalist on Jan 15, 2023.
             Slain by Pargi (6 damage)
             ... on level 2 of the Dungeon.
             The game lasted 00:07:52 (2828 turns).

ssalbiz the Magician (Djinni Fire Elementalist)     Turns: 2828, Time: 00:07:53

Health: -5/32      AC:  3    Str:  7    XL:     4   Next: 8%
Gold:   72         EV: 12    Int: 19    God:
                   SH:  0    Dex: 13

rFire   + . .      SeeInvis .   g - +0 short sword
rCold   . . .      Faith    .   (no shield)
rNeg    . . .      Spirit   .   a - +0 robe
rPois   ∞          Reflect  .   h - +0 helmet
rElec   .          Harm     .   (no cloak)
rCorr   .          Rampage  .   (no gloves)
Will    .....                   (boots unavailable)
Stlth   ++........              (no amulet)
HPRegen 0.10/turn               m - ring of ice
MPRegen 0.00/turn               (no ring)

@: flying
A: sickness immunity, fire resistance 2, cold vulnerability 1, float, innate
caster, HP casting, extra vitality 1
a: no special abilities


You were on level 2 of the Dungeon.
You visited 1 branch of the dungeon, and saw 3 of its levels.

You collected 72 gold pieces.

Inventory:

Hand Weapons
 g - a +0 short sword (weapon)
Armour
 a - a +0 robe (worn)
 h - a +0 helmet (worn)
Jewellery
 m - a ring of ice (left hand)
Wands
 k - a wand of flame (16)
Scrolls
 b - 5 scrolls of identify {unknown}
 c - 2 scrolls of magic mapping {unknown}
 e - a scroll of acquirement {unknown}
 f - a scroll of amnesia {unknown}
 j - a scroll of teleportation {unknown}
 l - a scroll of vulnerability {unknown}
Potions
 d - a potion of degeneration {unknown}
 i - a potion of lignification {unknown}


   Skills:
 - Level 1.0 Fighting
 - Level 2.1 Dodging
 - Level 1.5 Stealth
 + Level 3.5 Spellcasting


You couldn't memorise any spells.
You knew the following spells:

 Your Spells              Type           Power      Damage    Failure   Level
a - Foxfire               Conj/Fire      64%        2x1d7     3%          1
b - Scorch                Fire           32%        2d6       5%          2
c - Conjure Flame         Conj/Fire      16%        6-21      11%         3
d - Inner Flame           Hex/Fire       16%        N/A       11%         3
e - Flame Wave            Conj/Fire      16%        2d7       34%         4
f - Apportation           Tloc           32%        N/A       3%          1
Your spell library was empty.

Dungeon Overview and Level Annotations

Branches:
Dungeon (3/15)

Altars:

Shops:
D:3 [

Annotations:
D:2 Pargi


Innate Abilities, Weirdness & Mutations

You are immune to sickness and miasma.
You are immune to poison.
Your flesh is very heat resistant. (rF++)
You are vulnerable to cold. (rC-)
You float through the air rather than walking.
You learn spells naturally, not from books.
Your magical power is your life essence.
You have superior vitality. (+4 MHP)


Message History

Pargi barely misses you.
Casting: Foxfire (safe; 3% risk of failure)
Confirm with . or Enter, or press ? or * to list all spells.
You conjure some foxfire!
Pargi barely misses you. Pargi closely misses you. Pargi claws you.
The foxfire hits Pargi.
Pargi is lightly wounded.
The foxfire hits Pargi.
Pargi is lightly wounded.
Casting: Foxfire (safe; 3% risk of failure)
Confirm with . or Enter, or press ? or * to list all spells.
You conjure some foxfire!
Pargi bites you. Pargi claws you. x2
Unknown command.
Casting: Foxfire (safe; 3% risk of failure)
Confirm with . or Enter, or press ? or * to list all spells.
You conjure some foxfire!
The foxfire hits Pargi but does no damage.
Pargi is lightly wounded.
The foxfire hits Pargi.
Pargi is moderately wounded.
Pargi bites you! Pargi closely misses you. Pargi barely misses you.
Unknown command.
Pargi attacks as you move away! Pargi barely misses you. x2
Pargi closely misses you.
The foxfire hits Pargi.
Pargi is moderately wounded.
The foxfire hits Pargi but does no damage.
Pargi is moderately wounded.
Pargi attacks as you move away! Pargi bites you. Pargi claws you.
* * * LOW HITPOINT WARNING * * *
Pargi barely misses you. Pargi attacks as you move away! Pargi bites you.
* * * LOW HITPOINT WARNING * * *
Pargi claws you.
* * * LOW HITPOINT WARNING * * *
Pargi claws you but does no damage. Pargi attacks as you move away!
Pargi barely misses you. Pargi claws you.
* * * LOW HITPOINT WARNING * * *
Pargi claws you but does no damage. Pargi attacks as you move away!
Pargi bites you.
You die...

#....##......##.⌠........##......
#....##..................#.......
#....###....####........##.......
#....# ##...## ###...⌠..#.....#†.
#....######..# ###...##.⌠.....)
#............# ###.'......)..
###..........#############.......
#............#.........###...⌠.
#..........#..@#######.# ###...
#....(.....##.T....###.#######.
#..........###.###..##.....###.
#..........# #.#.....#..#......
############ #.#.....#..#......
#......###.#.....'>........
#......##........##.#......
#......##........##.#......
#......##....)...##.#......


You could see Pargi.

Vanquished Creatures
  A gnoll (D:2)
  2 worms
  A dart slug (D:1)
  7 endoplasms
  A giant cockroach (D:2)
  3 goblins
  4 hobgoblins (D:1)
  3 ball pythons
  4 bats
  3 frilled lizards
  A kobold (D:1)
  5 rats
35 creatures vanquished.

Vanquished Creatures (others)
  105 foxfires
105 creatures vanquished.

Grand Total: 140 creatures vanquished

Notes
Turn   | Place    | Note
-------+----------+-------------------------------------------
     0 | D:1      | ssalbiz the Djinni Fire Elementalist began the quest for
                  | the Orb.
     0 | D:1      | ssalbiz set off with the following spells memorised:
                  | Foxfire, Scorch, Conjure Flame, Inner Flame, Flame Wave.
     0 | D:1      | Reached XP level 1. HP: 15/15 MP: 0/0
   294 | D:1      | Reached XP level 2. HP: 17/21 MP: 0/0
   755 | D:1      | Reached skill level 3 in Spellcasting
   994 | D:1      | Reached XP level 3. HP: 23/26 MP: 0/0
   994 | D:1      | Learned a level 1 spell: Apportation
  1796 | D:2      | Reached skill level 1 in Fighting
  2181 | D:2      | Reached XP level 4. HP: 32/32 MP: 0/0
  2729 | D:3      | Found Besur's Armour Boutique.
  2778 | D:3      | Noticed Pargi
  2823 | D:2      | HP: 1/32 [Pargi (1)]
  2828 | D:2      | Slain by Pargi

Illustrated notes

Levels and vault maps discovered:
D:1:      dpeg_arrival_prison, layout_loops_ring, serial_glass, glass_columns_a,
          glass_columns_a, glass_columns_a, glass_columns_a, glass_columns_a,
          glass_columns_a, glass_columns_a, glass_columns_b, glass_columns_a,
          glass_columns_a
D:2:      minmay_skewed_foursquare, layout_basic
D:3:      layout_basic, serial_shops, shop_statue,
          shapermc_ecumenical_altar_starsandcircs, minmay_bisected, uniq_robin,
          uniq_pargi

Skill      XL: |  1  2  3 |
---------------+----------+-----
Spellcasting   | 3 |  3.5
Fighting       | 1 |  1.0
Dodging        | |  2.1
Stealth        | |  1.5

Action                   |  1- 3 |  4- 6 || total
-------------------------+-------+-------++-------
Melee: Short sword       |     3 |       ||     3
 Cast: Foxfire           |    50 |     7 ||    57
Armor: Robe              |    10 |     3 ||    13
Dodge: Dodged            |    12 |    12 ||    24
